 Dungeon Crawl Stone Soup version 0.19.1 (webtiles) character file.

48 Sputzi the Cudgeler (level 3, -1/36 HPs)
             Began as a Troll Berserker on Nov 25, 2016.
             Was a Follower of Trog.
             Slain by a gnoll
             ... wielding a +0 whip
              (2 damage)
             ... on level 2 of the Dungeon.
             The game lasted 00:29:12 (3257 turns).

Sputzi the Cudgeler (Troll Berserker)               Turns: 3257, Time: 00:29:12

Health: -1/36      AC:  6    Str: 26    XL:     3   Next: 50%
Magic:  2/2        EV: 10    Int:  3    God:    Trog [*.....]
Gold:   37         SH:  0    Dex:  9    Spells: 0 memorised, 2 levels left

rFire  . . .     SeeInvis .     i - +1 spear
rCold  . . .     Gourm    +     b - +1 animal skin
rNeg   . . .     Faith    .     (no shield)
rPois  .         Spirit   .     (helmet restricted)
rElec  .         Reflect  .     (no cloak)
rCorr  .         Harm     +     (gloves unavailable)
MR     .....                    (boots unavailable)
Stlth  ..........               g - amulet of harm
                                (no ring)
                                h - ring of loudness

@: no status effects
A: unfitting armour, claws 3, fast metabolism 3, gourmand, regeneration 1,
shaggy fur 1, tough skin 2
a: Berserk, Burn Spellbooks, Renounce Religion


You were on level 2 of the Dungeon.
You worshipped Trog.
Trog was aware of your devotion.
You were not hungry.

You visited 1 branch of the dungeon, and saw 2 of its levels.

You collected 37 gold pieces.

Inventory:

Hand Weapons
 a - a +0 mace
 f - a +0 hunting sling
 i - a +1 spear (weapon)
Missiles
 j - 12 sling bullets
 n - 72 stones (quivered)
 o - 38 arrows
Armour
 b - a +1 animal skin (worn)
 e - a +0 robe
Jewellery
 g - an amulet of harm (around neck)
 h - a ring of loudness (left claw)
Scrolls
 k - 3 scrolls of enchant armour
 r - a scroll of remove curse
 s - a scroll of noise {unknown}
 u - a scroll of fog {unknown}
Potions
 c - 3 potions of flight {unknown}
 d - a potion of berserk rage {unknown}
 l - a potion of invisibility {unknown}
 q - a potion of curing {unknown}
 t - a potion of brilliance {unknown}
Comestibles
 m - a bread ration
 p - 6 fruits


   Skills:
 + Level 2.8 Fighting
 + Level 3.2 Maces & Flails
 + Level 0.7 Polearms
 + Level 2.8 Dodging


You had 2 spell levels left.
You didn't know any spells.

Dungeon Overview and Level Annotations

Branches:
Dungeon (2/15)

Altars:
Fedhas


Innate Abilities, Weirdness & Mutations

You are too large for most types of armour.
You have claws for hands.
Your metabolism is lightning-fast.
You like to eat raw meat.
Your natural rate of healing is unusually fast.
You are covered in fur. (AC +1)
You have very tough skin. (AC +2)


Message History

You hit the gnoll.
The gnoll is moderately wounded.
The gnoll hits you but does no damage. The gnoll barely misses you.
The gnoll hits you but does no damage.
You hit the gnoll.
The gnoll is heavily wounded.
The gnoll hits you but does no damage. The gnoll hits you with a whip.
* * * LOW HITPOINT WARNING * * *
The gnoll hits you with a club.
* * * LOW HITPOINT WARNING * * *
You hit the gnoll.
The gnoll is severely wounded.
The gnoll closely misses you. The gnoll completely misses you.
The gnoll barely misses you.
You barely miss the gnoll.
The gnoll is severely wounded.
The gnoll hits you with a spear.
* * * LOW HITPOINT WARNING * * *
The gnoll hits you with a whip.
You die...

#.# #.......................
#.#####'##.#..................
#.##.....#.#..)..#.#.#####....
#.##.............#...# #....
#.##.........<.......#####....
#.##.....#.#.........)........
#.##.....#.#.....##....####.#'
#........#.#.gg...............
#.#...####.#.@g.....##.####...
#.#...# #.......#####.# #...
#.#...# #.#.....# #.# #...
#.#...# #.#.....# #.# #...
#.....####.#.....#####.# #...
##...................#.# #...
#.........#.....###.#.# #...
#####.....................####...
.................................


You could see 3 gnolls.

Vanquished Creatures
  An ooze (D:2)
  A worm (D:2)
  3 dart slugs (D:1)
  2 leopard geckos
  5 bats
  A giant cockroach (D:1)
  5 goblins
  3 hobgoblins (D:2)
  A ball python (D:2)
  A frilled lizard (D:1)
  4 kobolds
  7 rats
  A plant (D:1)
35 creatures vanquished.

Vanquished Creatures (others)
  5 toadstools (D:1)
5 creatures vanquished.

Grand Total: 40 creatures vanquished

Notes
Turn   | Place    | Note
-------+----------+-------------------------------------------
     0 | D:1      | Sputzi the Troll Berserker began the quest for the Orb.
     0 | D:1      | Reached XP level 1. HP: 22/22 MP: 0/0
  1130 | D:1      | Reached XP level 2. HP: 29/29 MP: 1/1
  1302 | D:1      | Reached skill level 3 in Maces & Flails
  2375 | D:2      | Reached XP level 3. HP: 36/36 MP: 2/2
  2883 | D:2      | Found a blossoming altar of Fedhas.
  3257 | D:2      | HP: 1/36 [gnoll/spear (2)]
  3257 | D:2      | Slain by a gnoll

Skill      XL: |  1  2 |
---------------+-------+-----
Maces & Flails | 3 |  3.2
Fighting       | |  2.8
Polearms       | |  0.7
Dodging        | |  2.8

Action                   || total
-------------------------++-------
Melee: Mace              ||    39
       Spear             ||   134
  Use: Scroll            ||     6
  Eat: Bread ration      ||     3
       Chunk             ||    10
       Meat ration       ||     1
       Pizza             ||     1
Armor: Animal skin       ||    62
Dodge: Dodged            ||    79
